 Dungeon Crawl Stone Soup version 0.30.1-9-gdf580d7c3d (webtiles) character file.

Game seed: 11232412421574870703

403 Nonny the Covered (level 6, -2/52 HPs)
             Began as a Minotaur Air Elementalist on Oct 14, 2023.
             Asphyxiated
             ... on level 5 of the Dungeon.
             The game lasted 00:16:57 (3669 turns).

Nonny the Covered (Minotaur Air Elementalist)       Turns: 3669, Time: 00:17:00

Health: -2/52      AC: 10    Str: 13    XL:     6   Next: 55%
Magic:  7/7        EV:  7    Int: 12    God:
Gold:   411        SH:  0    Dex: 12    Spells: 3/7 levels left

rFire   + . .        m - +0 mace
rCold   + . .        (no shield)
rNeg    . . .        l - +0 chain mail
rPois   .            (helmet restricted)
rElec   .            y - scarf {rC+ rF+}
rCorr   +            (no gloves)
SInv    .            (no boots)
Will    .....        (no amulet) Stlth
                     f - ring of resist corrosion
HPRegen 0.28/turn    (no ring)
MPRegen 0.10/turn

%: no passive effects
@: lethally poisoned (-2 -> -12)
A: horns 2, retaliatory headbutt
a: no special abilities


You were on level 5 of the Dungeon.
You visited 1 branch of the dungeon, and saw 5 of its levels.

You collected 411 gold pieces.

Inventory:

Hand Weapons
 m - a +0 mace (weapon)
 r - the +3 long sword of Hocw {drain, Dex+3 SInv}
   (You found it on level 2 of the Dungeon)

   Dex:       It affects your dexterity (+3).
   SInv:      It lets you see invisible.
 A - a +0 triple sword
Missiles
 a - 4 throwing nets
 n - 3 atropa-tipped darts
 v - 6 poisoned darts
Armour
 c - an orb of mayhem
 l - a +0 chain mail (worn)
 y - a scarf of resistance (worn)
Jewellery
 f - a ring of resist corrosion (left hand)
 o - an amulet of faith
Wands
 k - a wand of flame (13)
 s - a wand of digging (7)
Scrolls
 d - a scroll of immolation {unknown}
 e - 5 scrolls of identify {unknown}
 g - a scroll of silence {unknown}
 h - a scroll of magic mapping {unknown}
 j - 2 scrolls of brand weapon {unknown}
 q - 3 scrolls of enchant weapon {unknown}
 u - 2 scrolls of poison {unknown}
 x - a scroll of teleportation {unknown}
Potions
 b - a potion of magic
 i - a potion of flight
 p - a potion of brilliance {unknown}
 t - a potion of might {unknown}
 z - a potion of attraction {unknown}
 B - a potion of lignification {unknown}
 C - a potion of ambrosia {unknown}


   Skills:
 + Level 3.9 Fighting
 - Level 2.0(2.6) Maces & Flails
 * Level 2.5(2.9) Staves
 + Level 5.7 Armour
 - Level 2.1 Dodging
 - Level 1.5 Stealth
 - Level 1.3 Spellcasting
 - Level 0.6 Conjurations
 - Level 2.1 Air Magic


You had 3 spell levels left.
You knew the following spells:

 Your Spells              Type           Power      Damage    Failure   Level
a - Shock                 Conj/Air       16%        1d4       95%         1
b - Swiftness             Air            6%         N/A       99%         3

Your spell library contained the following spells:

 Spells                   Type           Power      Damage    Failure   Level
 Static Discharge         Conj/Air       8%         2-3/arc   99%         2
 Vhi's Electric Charge    Tloc/Air       6%         N/A       100%        3
 Airstrike                Air            3%         2d(1-17)  100%        4
 Arcjolt                  Conj/Air       2%         1d12      100%        5
 Plasma Beam              Fire/Air       1%         2x1d12    100%        6


Dungeon Overview and Level Annotations

Branches:
Dungeon (5/15)
 Temple: D:4-7

Altars:
Nemelex Xobeh


Innate Abilities, Weirdness & Mutations

You have a pair of horns on your head.
You reflexively headbutt those who attack you in melee.


Message History

The kobold demonologist is severely wounded.
The kobold demonologist mumbles some strange words.
The kobold demonologist begins to cast a cantrip, but forgets the words!
You hit the kobold demonologist but do no damage.
Your headbutt misses the kobold demonologist.
The kobold demonologist is severely wounded.
The white imp shouts, "Out, out, thou pandering beef-witted cattle!"
The kobold demonologist casts a spell.
The kobold demonologist hits you with a +0 dagger.
You hit the kobold demonologist.
Your headbutt misses the kobold demonologist.
The kobold demonologist is almost dead.
The kobold demonologist casts a cantrip, but nothing happens.
The kobold demonologist begins to cast a cantrip, but forgets the words!
The soul eater draws from the surrounding life force!
* * * LOW HITPOINT WARNING * * *
You hit the kobold demonologist.
The kobold demonologist is almost dead.
The chaos spawn degenerates into a cloud of primal chaos!
The kobold demonologist closely misses you.
The kobold demonologist hits you but does no damage.
The kobold brigand is engulfed in seething chaos.
The kobold brigand suddenly seems more agile.
You closely miss the kobold demonologist.
The kobold demonologist is almost dead.
The shadow imp shouts!
The kobold demonologist hits you but does no damage.
You hit the kobold demonologist.
You kill the kobold demonologist!
The crimson imp disappears in a puff of smoke!
The white imp disappears in a puff of smoke!
The soul eater disappears in a puff of smoke!
The hellwing swoops through the air toward you!
The hellwing closely misses you. The hellwing hits you.
* * * LOW HITPOINT WARNING * * *
The kobold brigand throws a curare-tipped dart.
The curare-tipped dart hits you.
You are lethally poisoned!
You have difficulty breathing.
You die...

#.......#### #####.#.#
#.......##########.#.# ...
#..................<.#
....#.......##############
#.......#### #.......####
#.......'..# g#.......##4#
.#.......##@#
.#.......##)#####
s#.......K§§K55.#
#..#####§KKK5..# #..
#..K....# ..######## ##. #


You could see a hellwing (summoned), 2 kobold demonologists, 2 kobold brigands,
an ufetubus (summoned) and a kobold.

Vanquished Creatures
  A kobold demonologist (D:5)
  A water moccasin (D:5)
  A scorpion (D:4)
  An iguana (D:5)
  Ijyb (D:3)
  Terence (D:2)
  4 gnolls
  6 adders
  An ufetubus (D:4)
  A worm (D:1)
  A dart slug (D:2)
  An orc (D:4)
  6 bats
  5 endoplasms
  3 giant cockroaches
  7 goblins
  8 hobgoblins
  4 jackals (D:3)
  A quokka (D:1)
  9 ball pythons
  2 frilled lizards
  8 kobolds
  2 rats
75 creatures vanquished.

Notes
Turn   | Place    | Note
-------+----------+-------------------------------------------
     0 | D:1      | Nonny the Minotaur Air Elementalist began the quest for the
                  | Orb.
     0 | D:1      | Reached XP level 1. HP: 14/14 MP: 1/1
     3 | D:1      | Orb of mayhem
     8 | D:1      | Starting vault: the lava pit with metal walls
    42 | D:1      | Reached skill level 1 in Fighting
    42 | D:1      | Reached skill level 1 in Armour
   162 | D:1      | rCorr ring in east
   207 | D:1      | Reached XP level 2. HP: 23/23 MP: 3/3
   215 | D:1      | Found a faded altar of an unknown god.
   318 | D:1      | Reached skill level 2 in Armour
   604 | D:1      | HP: 1/23 [worm (5)]
   763 | D:2      | All three downstairs on D:1 lead to the same room on D:2.
   794 | D:2      | Reached skill level 1 in Maces & Flails
   794 | D:2      | Reached XP level 3. HP: 21/29 MP: 4/4
   849 | D:2      | Identified the +3 long sword of Hocw {drain, Dex+3 SInv}
   851 | D:2      | It's in a southeastern hallway
  1337 | D:2      | Noticed Terence
  1349 | D:2      | Killed Terence
  1350 | D:2      | Reached skill level 3 in Armour
  1350 | D:2      | Reached XP level 4. HP: 24/36 MP: 5/5
  1568 | D:2      | Learned a level 3 spell: Swiftness
  1728 | D:3      | Noticed Ijyb
  1736 | D:3      | bubbling silvery potion - heal wounds
  1739 | D:3      | emerald potion - resistance
  1750 | D:3      | Killed Ijyb
  1755 | D:3      | Ijyb has a wand of flame and a dagger of venom/
  1822 | D:3      | Book of Lightning
  2547 | D:4      | Reached skill level 4 in Armour
  2547 | D:4      | Reached XP level 5. HP: 37/44 MP: 6/6
  2737 | D:4      | Reached skill level 1 in Staves
  3154 | D:4      | triple sword in wes
  3232 | D:4      | Reached skill level 5 in Armour
  3232 | D:4      | Reached XP level 6. HP: 8/51 MP: 7/7
  3234 | D:4      | viscous dark potion - flight
  3235 | D:4      | brown potion - curing
  3556 | D:4      | Vault: 4x4 grid of 3x3 crystal walls
  3591 | D:5      | Entered Level 5 of the Dungeon
  3592 | D:5      | Found a sparkling altar of Nemelex Xobeh.
  3596 | D:5      | Noticed an ice beast
  3637 | D:5      | Noticed a kobold demonologist
  3637 | D:5      | Noticed a water moccasin
  3648 | D:5      | Killed a water moccasin
  3651 | D:5      | Noticed a kobold demonologist
  3656 | D:5      | Noticed a chaos spawn
  3656 | D:5      | Noticed a kobold demonologist
  3662 | D:5      | Noticed a soul eater
  3664 | D:5      | Noticed an ice devil
  3666 | D:5      | Noticed a hellwing
  3669 | D:5      | Killed a kobold demonologist
  3669 | D:5      | Asphyxiated

Illustrated notes #### #><# #..# #@.# §≈≈§..§§≈≈≈≈ #§≈§§≈..§≈§§≈# #≈≈≈#≈..≈#§§≈# ##≈≈≈§..≈§≈≈## ###≈≈..≈§### ###++### Turn 3 on D:1: Orb of mayhem §§§ #### ≈§≈≈# §§≈§ #><#≈≈≈≈≈# §§#§§#..#§§#≈≈# #≈§§§§#..#≈≈≈≈≈# #≈≈≈§≈§..≈≈≈§≈≈# #≈≈≈§§§.≈≈≈≈≈# #§≈≈#§.§§#≈≈≈# ##§§§§§.≈≈≈≈## ###≈≈.@≈≈### ###++### Turn 8 on D:1: Starting vault: the lava pit with metal walls ####### .PP..P# .P...P############# .....P.#..........# .P...P.#.)........# ...P....).........# ..................# .#...###........@.# #..### #..........# #.### ############ ....# #...# #...# #...### #.....# #.....# Turn 162 on D:1: rCorr ring in east .# #. .... ####.#. # #..... ###.#....# #........# ####### #...# #.....# ...####)####.....# ...........<@....# ......(.####...<<# #.#$..>.# #.....# #.......# ####### #.#.....# # ##...## ##.. #.. Turn 763 on D:2: All three downstairs on D:1 lead to the same room on D:2. #.....# #####.# . #...# ....#...## #.......## #.....#..# ###...##.# #... #.# #### #@# #...# ##### Turn 851 on D:2: It's in a southeastern hallway #.##### #..g@.# #####.##### #.....# #.....# ###.....# #.......### #.#.......# #.####....# #.# #....# Turn 1736 on D:3: bubbling silvery potion - heal wounds #.##### #..g@.# #####.##### #.....# #.....# ###.....# #.......### #.#.......# #.####....# #.# #....# Turn 1739 on D:3: emerald potion - resistance # #.##### #..@†.# #####.##### #.....# #.....# ###.....# #.......### #.#.......# #.####....# #.# #....# Turn 1755 on D:3: Ijyb has a wand of flame and a dagger of venom/ ####.# ####.....# #..@.# ###.#### #...######## #####>.......... #.......#.###### #.......#.# #####.........# #.............# #.###.........# Turn 1822 on D:3: Book of Lightning #<# ....................# ### #......................# #....................... #....................... .................).....# ..)....................# ........................ ........................ ..S....@................ ..###...###............# #...# #............. #...# #....<.......# ....................# .....................# ......................# .###...###............# #............# Turn 3154 on D:4: triple sword in wes #........................ #$....................... #..###...###...###...###. ... #...# #...# ...# #. ...###...###.†[###...# #. ......................... ........................ .......!†............ .. .###..@###...###...# #. #...# #...# #...# #. #...# #...###...###. ..................... ....................... ......................... ...###...###...###...###. ..! #...# ... #...# #. .. #...# ...###...###. Turn 3234 on D:4: viscous dark potion - flight #........................ #$....................... #..###...###...###...###. ... #...# #...# ...# #. ...###...###.†[###...# #. ......................... ........................ .......!†............ .. .###..@###...###...# #. #...# #...# #...# #. #...# #...###...###. ..................... ....................... ......................... ...###...###...###...###. ..! #...# ... #...# #. .. #...# ...###...###. Turn 3235 on D:4: brown potion - curing

#.............................
#.............................
#.............................
##..###...###...###...###......
#...# #...# #...# #...# #......
#...###...###.÷[###...###......
#..............................
#..........................####
#.........÷...@............#
#...###...###...###...###..#
#...# #...# #...# #...# #..#
#...###...###...###...###..####
#..........................##..
#.............................#
#..........................####
#...###...###...###...###..#
#...# #...# #...# #...# #..#


Turn 3556 on D:4: Vault: 4x4 grid of 3x3 crystal walls

Levels and vault maps discovered:
D:1:      lightli_molten_gateway, layout_rooms,
          hellmonk_ecumenical_altar_pennies_from_heaven,
          minmay_gold_behind_fungi
D:2:      layout_loops_cross, hangedman_decor_push, uniq_terence
D:3:      layout_basic, eino_tiny_chamber, uniq_ijyb
D:4:      layout_basic, kennysheep_boxes
D:5:      layout_basic, mainiacjoe_overflow_catwalk,
          mainiacjoe_overflow_catch_the_wave, gammafunk_ghost_split,
          kennysheep_generic_room_6

Skill      XL: |  1  2  3  4  5  6 |
---------------+-------------------+-----
Fighting       | 1 2 3 |  3.9
Armour         | 1 2 3 4 5 |  5.7
Maces & Flails | 1 2 |  2.0
Staves         | 1 2 |  2.5
Dodging        | |  2.1
Stealth        | |  1.5
Spellcasting   | |  1.3
Conjurations   | |  0.6
Air Magic      | |  2.1

Action                     |  1- 3 |  4- 6 || total
---------------------------+-------+-------++-------
  Melee: Unarmed           |    82 |       ||    82
         Headbutt          |    25 |    19 ||    44
         Mace              |    77 |   148 ||   225
         Punch             |     1 |     1 ||     2
    Use: Potion            |       |     8 ||     8
 Armour: Robe              |     2 |       ||     2
         Leather armour    |    13 |       ||    13
         Chain mail        |    49 |    93 ||   142
  Dodge: Dodged            |    86 |    58 ||   144
